 Dungeon Crawl Stone Soup version 0.30.1-4-g462c640d31 (webtiles) character file.

Game seed: 13844065945697024968

19 Zeor the Shooter (level 2, -4/17 HPs)
             Began as a Deep Elf Hunter on Aug 14, 2023.
             Slain by a gnoll
             ... wielding a +0 whip
              (5 damage)
             ... on level 2 of the Dungeon.
             The game lasted 00:01:36 (225 turns).

Zeor the Shooter (Deep Elf Hunter)                   Turns: 225, Time: 00:01:36

Health: -4/17      AC:  3    Str:  8    XL:     2   Next: 55%
Magic:  4/4        EV: 12    Int: 13    God:
Gold:   55         SH:  0    Dex: 18    Spells: 1/1 levels left

rFire   . . .        a - +0 shortbow
rCold   . . .        (shield currently unavailable)
rNeg    . . .        c - +0 leather armour
rPois   .            (no helmet)
rElec   .            (no cloak)
rCorr   .            (no gloves)
SInv    .            (no boots)
Will    .....        (no amulet)
Stlth   ++           (no ring)
HPRegen 0.22/turn    (no ring)
MPRegen 0.09/turn

%: no passive effects
@: no status effects
A: no striking features
a: no special abilities


You were on level 2 of the Dungeon.
You visited 1 branch of the dungeon, and saw 2 of its levels.

You collected 55 gold pieces.

Inventory:

Hand Weapons
 a - a +0 shortbow (weapon)
Armour
 c - a +0 leather armour (worn)
Scrolls
 b - a scroll of immolation
 d - 2 scrolls of identify


   Skills:
 + Level 1.6 Fighting
 + Level 6.1 Ranged Weapons
 * Level 2.6 Dodging
 + Level 1.2 Stealth


You had one spell level left.
You didn't know any spells.
Your spell library contained the following spells:

 Spells                   Type           Power      Damage    Failure   Level
 Portal Projectile        Hex/Tloc       0%         N/A       80%         3
 Tukima's Dance           Hex            0%         N/A       80%         3
 Blade Hands              Tmut           0%         N/A       100%        5


Dungeon Overview and Level Annotations

Branches:
Dungeon (1/15)

Altars:


Message History

The shaft crumbles and collapses.
Found a spear.
A bat comes into view.
You shoot an arrow. The arrow hits the bat.
The bat is heavily wounded.
The bat barely misses you.
You shoot an arrow. The arrow hits the bat.
You kill the bat!
You open the door.
A gnoll comes into view. It is wielding a +0 whip.
You shoot an arrow.
The arrow hits the gnoll but does no damage.
You shoot an arrow. The arrow hits the gnoll.
The gnoll is heavily wounded.
The gnoll completely misses you. The gnoll hits you with a +0 whip!
You shoot an arrow. The arrow closely misses the gnoll.
The gnoll hits you with a +0 whip.
* * * LOW HITPOINT WARNING * * *
You are too injured to fight recklessly!
You are too injured to fight recklessly!
Fire: a) +0 shortbow
Press: ? - help, Q - select action Shift-Dir - straight line, f/p - gnoll
Aim: a gnoll, wielding a +0 whip (heavily wounded, 68% to hit)
You shoot an arrow. The arrow hits the gnoll.
The gnoll is severely wounded.
The gnoll hits you with a +0 whip.
* * * LOW HITPOINT WARNING * * *
Fire: a) +0 shortbow
Press: ? - help, Q - select action Shift-Dir - straight line, f/p - gnoll
Aim: a gnoll, wielding a +0 whip (severely wounded, 68% to hit)
You shoot an arrow. The arrow barely misses the gnoll.
The gnoll closely misses you.
Fire: a) +0 shortbow
Press: ? - help, Q - select action Shift-Dir - straight line, f/p - gnoll
Aim: a gnoll, wielding a +0 whip (severely wounded, 68% to hit)
You shoot an arrow.
The arrow hits the gnoll but does no damage.
The gnoll is severely wounded.
The gnoll hits you with a +0 whip.
You die... ♣ PP▒ ♣♣∙ ∙P∙∙▒∙ ♣♣∙∙♣ ∙∙∙P∙∙∙

♣∙∙PP ▒▒▒∙∙PP▒
♣P♣∙∙▒∙▒∙P∙P▒
♣∙♣P∙∙▒g▒∙∙∙P▒
P∙∙∙∙∙∙e∙∙∙P∙▒ ▒∙▒
∙∙∙∙∙∙∙∙∙P∙∙▒▒ ▒∙▒
∙∙∙8∙∙∙∙∙∙∙P∙▒ ▒∙▒
∙∙∙∙∙∙∙∙∙∙∙∙▒▒▒▒∙▒∙▒
♣∙∙8∙∙∙∙♣∙∙∙∙∙∙∙∙▒∙▒
♣P∙P∙∙♣∙∙♣∙∙∙▒▒▒▒▒∙▒
∙♣∙∙∙♣♣♣∙♣♣P∙▒▒▒▒▒∙▒
♣∙∙P ♣♣∙)♣∙∙∙∙∙∙∙▒
♣♣P♣P∙∙∙P∙∙♣▒▒▒▒▒∙▒


You could see a gnoll.

Vanquished Creatures
  A ball python (D:1)
  2 bats
  An endoplasm (D:1)
  2 giant cockroaches (D:1)
  3 goblins (D:1)
  A hobgoblin (D:1)
  2 kobolds (D:1)
  A quokka (D:1)
  2 rats (D:1)
15 creatures vanquished.

Notes
Turn   | Place    | Note
-------+----------+-------------------------------------------
     0 | D:1      | Zeor the Deep Elf Hunter began the quest for the Orb.
     0 | D:1      | Reached XP level 1. HP: 12/12 MP: 3/3
   125 | D:1      | Reached XP level 2. HP: 16/16 MP: 4/4
   154 | D:1      | Reached skill level 6 in Ranged Weapons
   176 | D:1      | You fall into a shaft and drop 1 floor!
   225 | D:2      | Slain by a gnoll

Illustrated notes

Levels and vault maps discovered:
D:1:      roderic_crop_circles_arrival_large, layout_loops_ring
D:2:      wad_woods_settlement, layout_basic

Skill      XL: |  1  2 |
---------------+-------+-----
Ranged Weapons | 6 |  6.1
Fighting       | |  1.6
Dodging        | |  2.6
Stealth        | |  1.2

Action                     || total
---------------------------++-------
   Fire: Shortbow          ||    34
    Use: Scroll            ||     1
 Armour: Leather armour    ||     1
  Dodge: Dodged            ||     5
